 Dungeon Crawl Stone Soup version 0.31-a0-986-g5e6e4ef867 (webtiles) character file.

Game seed: 16378344553520428104

70 Doj the Ruffian (level 4, 32/32 HPs)
             Began as a Gnoll Shapeshifter on Nov 10, 2023.
             Got out of the dungeon alive.
             The game lasted 00:12:44 (2117 turns).

Doj the Ruffian (Gnoll Shapeshifter)                Turns: 2117, Time: 00:12:45

Health: 32/32      AC:  8    Str: 15    XL:     4   Next: 22%
Magic:  5/5        EV: 12    Int: 10    God:
Gold:   73         SH:  0    Dex: 11    Spells: 0/5 levels left

rFire   . .          .
                       - Unarmed
rCold   . . .        (shield currently unavailable)
rNeg    . . .        e - +0 ring mail
rPois   .            (no helmet)
rElec   .            (no cloak)
rCorr   .            m - +2 pair of gloves
SInv    .            (no boots)
Will    .....        n - amulet of guardian spirit
Stlth   +            (no ring)
HPRegen 0.25/turn    (no ring)
MPRegen 0.09/turn

%: guardian spirit
@: flux-form, glowing
A: glow, contaminating, reduced hp, fangs 1, strong nose, distributed training
a: Begin Untransformation


You escaped.
You were something dangerously unstable.
You visited 1 branch of the dungeon, and saw 3 of its levels.

You collected 73 gold pieces.

Inventory:

Missiles
 f - 31 stones (quivered)
Armour
 a - a +0 animal skin
 e - a +0 ring mail (worn)
 m - a +2 pair of gloves (worn)
Jewellery
 n - an amulet of guardian spirit (around neck)
Talismans
 c - a beast talisman
 d - a flux talisman (active)
Scrolls
 g - a scroll of immolation {unknown}
 h - a scroll of enchant weapon {unknown}
 j - 2 scrolls of revelation {unknown}
 o - 3 scrolls of teleportation {unknown}
 q - a scroll of fear {unknown}
Potions
 b - a potion of lignification
 i - 4 potions of enlightenment {unknown}
 k - 2 potions of curing {unknown}
 l - a potion of heal wounds {unknown}
 p - a potion of mutation {unknown}


   Skills:
 + Level 2.7 Fighting
 + Level 1.1 Short Blades
 + Level 1.1 Long Blades
 + Level 1.1 Axes
 + Level 1.1 Maces & Flails
 + Level 1.1 Polearms
 + Level 1.1 Staves
 + Level 1.1 Ranged Weapons
 + Level 1.1 Throwing
 + Level 1.1 Armour
 + Level 4.6 Dodging
 + Level 1.1 Stealth
 + Level 1.1 Shields
 + Level 6.6 Unarmed Combat
 + Level 1.1 Spellcasting
 + Level 0.8 Conjurations
 + Level 0.8 Hexes
 + Level 0.8 Summonings
 + Level 0.8 Necromancy
 + Level 0.8 Translocations
 + Level 0.8 Transmutations
 + Level 0.8 Fire Magic
 + Level 0.8 Ice Magic
 + Level 0.8 Air Magic
 + Level 0.8 Earth Magic
 + Level 0.8 Poison Magic
 + Level 1.2 Invocations
 + Level 1.1 Evocations
 + Level 6.5 Shapeshifting


You couldn't memorise any spells.
You knew the following spells:

 Your Spells              Type           Power      Damage    Failure   Level
a - Poisonous Vapours     Pois/Air       4%         N/A       58%         2
b - Ignite Poison         Fire/Tmut/Pois 2%         N/A       82%         3

Your spell library contained the following spells:

 Spells                   Type           Power      Damage    Failure   Level
 Slow                     Hex            8%         N/A       43%         1
 Sting                    Tmut/Pois      8%         1d3       43%         1
 Cigotuvi's Dreadful Rot  Necr/Pois/Air  4%         N/A       58%         2
 Confusing Touch          Hex            2%         N/A       82%         3
 Sigil of Binding         Hex            2%         N/A       82%         3
 Vampiric Draining        Necr           2%         2d6       82%         3
 Olgreb's Toxic Radiance  Pois           2%         N/A       99%         4
 Freezing Cloud           Conj/Ice/Air   1%         6-21      100%        5


Dungeon Overview and Level Annotations

Branches:
Dungeon (3/15)

Altars:

Shops:
D:1 *


Innate Abilities, Weirdness & Mutations

You are something dangerously unstable.
You glow with magical radiation, making you easy to see and hit.
Foes you strike become dangerously contaminated with magical radiation.
Your maximum health is decreased, since you lack skill for your form.
You are incapable of wielding weapons or throwing items.
You have very sharp teeth.
Your uncanny sense of smell can sniff out nearby items.
Your experience applies equally to all skills.


Message History

Nothing appears to happen.
You start resting.
Your magical contamination has completely faded away.
There is a stone staircase leading down here.
You climb downwards.
There is a stone staircase leading up here.
You climb upwards.
There is a stone staircase leading down here.
Magic restored.
A dart slug comes into view.
You completely miss the dart slug. The dart slug launches a dart at you.
The slug dart hits you but does no damage.
You hit the dart slug.
The dart slug begins to glow.
The dart slug is heavily wounded.
The dart slug barely misses you.
You hit the dart slug.
The dart slug glows dangerously bright.
You bite the dart slug.
The dart slug is almost dead.
You hit the dart slug.
You kill the dart slug!
Found a murky emerald potion.
k - 2 murky emerald potions (gained 1)
You now have 73 gold pieces (gained 11).
A frilled lizard comes into view.
The frilled lizard hisses angrily.
The frilled lizard bites you but does no damage.
You hit the frilled lizard.
You kill the frilled lizard!
q - a scroll labelled CYNNOJ EZELU Done exploring.
What level of the Dungeon? (default 1, ? - help)
There is a stone staircase leading up here.
You climb upwards.
There is a stone staircase leading down here.
There is an open door here.
There is an open door here.
There is an escape hatch in the floor here.
There is a staircase leading out of the dungeon here.
You have escaped!

..# #.#..####''####..# #.#
###
#.#..###....###..#######.#
#.#..##......##..........#
####
#.#..##......##..#########
...# #.#..#........#..#
...# ##.#..#........#..#
...###.....#...##...#..#
#.....#.#..#.[####..#..#
######..#..'..'>p+..'..#
........#..#..####..#..#
#.#######..#...##...#..#
#.# #..#........#..# #.#
#..#........#..# #.#
##..##......##..# #.#
#)..##......##..# #.#
#...###....###..# #.#
#...####''####..#


There were no monsters in sight!

Vanquished Creatures
  An adder (D:2)
  2 worms
  2 dart slugs
  5 ball pythons
  An endoplasm (D:2)
  4 giant cockroaches
  2 goblins (D:1)
  3 hobgoblins
  3 jackals (D:1)
  12 kobolds
  A quokka (D:1)
  5 bats
  5 frilled lizards
  4 rats
50 creatures vanquished.

Notes
Turn   | Place    | Note
-------+----------+-------------------------------------------
     0 | D:1      | Doj the Gnoll Shapeshifter began the quest for the Orb.
     0 | D:1      | Reached XP level 1. HP: 17/17 MP: 1/1
    80 | D:1      | Reached XP level 2. HP: 18/23 MP: 2/2
   893 | D:1      | Reached XP level 3. HP: 25/28 MP: 3/3
  1157 | D:1      | Reached skill level 1 in Invocations
  1229 | D:1      | Found Vamm's General Store.
  1458 | D:2      | Reached skill level 1 in Short Blades
  1458 | D:2      | Reached skill level 1 in Long Blades
  1458 | D:2      | Reached skill level 1 in Axes
  1458 | D:2      | Reached skill level 1 in Maces & Flails
  1458 | D:2      | Reached skill level 1 in Polearms
  1458 | D:2      | Reached skill level 1 in Staves
  1458 | D:2      | Reached skill level 1 in Ranged Weapons
  1458 | D:2      | Reached skill level 1 in Throwing
  1458 | D:2      | Reached skill level 1 in Armour
  1458 | D:2      | Reached skill level 1 in Stealth
  1458 | D:2      | Reached skill level 1 in Shields
  1458 | D:2      | Reached skill level 1 in Spellcasting
  1458 | D:2      | Reached skill level 1 in Evocations
  1676 | D:2      | Reached XP level 4. HP: 32/34 MP: 5/5
  1753 | D:2      | Learned a level 2 spell: Poisonous Vapours
  1757 | D:2      | Learned a level 3 spell: Ignite Poison
  2117 | D:$      | Got out of the dungeon alive.

Illustrated notes

Levels and vault maps discovered:
D:1:      dpeg_arrival_refuge, layout_loops_ring, serial_shops, shop
D:2:      layout_loops_ring
D:3:      layout_basic, mainiacjoe_overflow_paths, uniq_jessica

Skill      XL: |  1  2  3 |
---------------+----------+-----
Invocations    | 1 |  1.2
Short Blades   | 1 |  1.1
Long Blades    | 1 |  1.1
Axes           | 1 |  1.1
Maces & Flails | 1 |  1.1
Polearms       | 1 |  1.1
Staves         | 1 |  1.1
Ranged Weapons | 1 |  1.1
Throwing       | 1 |  1.1
Armour         | 1 |  1.1
Stealth        | 1 |  1.1
Shields        | 1 |  1.1
Spellcasting   | 1 |  1.1
Evocations     | 1 |  1.1
Fighting       | |  2.7
Dodging        | |  4.6
Unarmed Combat | |  6.6
Conjurations   | |  0.8
Hexes          | |  0.8
Summonings     | |  0.8
Necromancy     | |  0.8
Translocations | |  0.8
Transmutations | |  0.8
Fire Magic     | |  0.8
Ice Magic      | |  0.8
Air Magic      | |  0.8
Earth Magic    | |  0.8
Poison Magic   | |  0.8
Shapeshifting  | |  6.5

Action                     |  1- 3 |  4- 6 || total
---------------------------+-------+-------++-------
  Melee: Unarmed           |   125 |    19 ||   144
         Bite              |    11 |     4 ||    15
Ability: Begin Untransform |     1 |       ||     1
 Armour: Ring mail         |    77 |     6 ||    83
  Dodge: Dodged            |    81 |     5 ||    86
   Form: Flux              |     2 |       ||     2

Table legend: (Time is in decaauts)
 A = Elapsed time spent in this place.
 B = Non-inter-level travel time spent in this place.
 C = Inter-level travel time spent in this place.
 D = Time resting spent in this place.
 E = Time spent auto-exploring this place.
 F = Levels seen in this place.
 G = Mean time per level.
                   A        B        C        D        E       F      G
               +--------+--------+--------+--------+--------+-----+--------+
         Total |   2102 |   2016 |     86 |    460 |    947 |   3 |  700.7 |
       Dungeon |   2102 |   2016 |     86 |    460 |    947 |   3 |  700.7 |
               +--------+--------+--------+--------+--------+-----+--------+

Top non-repeatable levels by time:
     D:1: 1318 daAuts
     D:2: 779 daAuts
     D:3: 5 daAuts
